Unix NetHack Version 5.0.0-0 post-release - last build Jun 10 2026 00:39:30 (3ee93aec679c4c4259841fe613dc97188e26a321,branch:main).

Game began 2026-06-16 16:47:22, ended 2026-06-16 17:49:54.

Eymerich, chaotic male elven Priest

                    ----
                --- |..|
     ---   ------.---..|
     |.................#
     |...    ----...--h|   --
     ---        --...|@|  -.|
                 ---.|.| -..-
                   |.|.|-....
                   |)|.|...
                   |.....-
                   ---h..--
                     |....|
                    --.%..-----
                  ---.........-
               ----......----
               |.........--
               |..........|
               --.........|
                |..<...----
                --.-----
                 ---
Eymerich the Acolyte         St:9 Dx:10 Co:13 In:11 Wi:20 Ch:12  Chaotic
Dlvl:3  $:92 HP:0(21) Pw:39(48) AC:8  Xp:3 T:1132 

Latest messages:
 The gnome shoots 2 crossbow bolts!
 You are hit by the 1st crossbow bolt!
 You are hit by the 2nd crossbow bolt!
 You swap places with Pinky.
 Pinky picks up a blessed crossbow bolt.
 Pinky drops a blessed crossbow bolt.
 In what direction?
 You feel better.
 Pinky drops a blessed crossbow bolt.
 There is nothing here to pick up.
 The gnome shoots 2 crossbow bolts!
 You are almost hit by the 1st crossbow bolt.
 You are almost hit by the 2nd crossbow bolt.
 What do you want to throw? [$jlmIN or ?*]
 In what direction?
 The crude dagger misses the gnome.
 The gnome picks up a crude dagger.
 What do you want to throw? [$lmIN or ?*]
 In what direction?
 The dagger misses the gnome.
 The gnome picks up a dagger.
 What do you want to ready? [- $I or ?*]
 I - 11 darts (at the ready).
 In what direction?
 The dart hits the gnome.
 You hear some noises in the distance.
 The dwarf swings his pick-axe.
 The dwarf hits!
 In what direction?
 You feel better.
 The dwarf picks up a blessed crossbow bolt.
 It misses the dwarf.
 Elf needs food, badly!
 You hit the dwarf!
 It misses the dwarf.
 The dwarf swings his pick-axe.
 The dwarf hits!
 It misses the dwarf.
 It misses the dwarf.
 The dwarf picks up 2 blessed crossbow bolts.
 What do you want to eat? [efnpsR or ?*]
 This lichen corpse tastes okay.
 It misses the dwarf.
 It misses the dwarf.
 You stop eating the lichen corpse.
 It misses the dwarf.
 The dwarf swings his pick-axe.
 The dwarf hits!
 You die...
 Do you want your possessions identified? [ynq] (y)

Inventory:
 Coins    ('$')
  $ - 92 gold pieces
 Weapons  (')')
  m - 11 +2 arrows
  l - 43 +0 arrows
  I - 10 +0 darts (at the ready)
  a - a blessed +1 mace (weapon in right hand)
 Armor    ('[')
  P - a +0 pair of iron shoes (being worn)
  Q - a +0 dwarvish cloak (being worn)
  b - a +0 robe
 Comestibles  ('%')
  e - a clove of garlic
  s - a food ration
  R - a cursed fortune cookie
  f - 2 sprigs of wolfsbane
  n - a cursed tripe ration
  g - a partly eaten lichen corpse
  p - a lichen corpse
 Scrolls  ('?')
  F - a scroll of teleportation
 Potions  ('!')
  K - a potion of monster detection
  d - 4 potions of holy water
 Wands    ('/')
  t - a wand of magic missile (0:7)
 Tools    ('(')
  i - a wooden flute
  M - a skeleton key
 Gems/Stones  ('*')
  o - 2 cursed worthless pieces of black glass named soft
  c - a worthless piece of red glass
  k - a worthless piece of yellowish brown glass named soft
  O - 10 rocks

Eymerich the Priest's attributes:

Background:
 You were an Acolyte, a level 3 elven Priest.
 You were chaotic, nominally on a mission for Anhur
 who was opposed by Ptah (lawful) and Thoth (neutral).
 You were right-handed.
 You were in the Gnomish Mines, on level 3.
 You entered the dungeon 1132 turns ago.
 There was a new moon in effect when your adventure ended.
 You had 61 experience points, 19 more were needed to attain level 4.

Basics:
 You had 0 out of 21 hit points.
 You had 39 out of 48 energy points (spell power).
 Your armor class was 8.
 Your wallet contained 92 zorkmids.
 Autopickup was off.

Final Characteristics:
 Your strength was 9 (base:10, limit:18).
 Your dexterity was 10 (limit:18).
 Your constitution was 13 (limit:16).
 Your intelligence was 11 (limit:20).
 Your wisdom was 20 (limit:20).
 Your charisma was 12 (limit:18).

Final Status:
 You weren't hungry.
 You were unencumbered.
 You were wielding a mace.
 You had basic skill with mace.

Final Attributes:
 You were devoutly aligned.
 Your items were somewhat protected from fire.
 Your items were somewhat protected from cold.
 You had infravision.
 You were warded.
 You are dead.

Miscellaneous:
 You didn't encounter any bones levels.
 Total elapsed playing time was 53 minutes and 45 seconds.

Major events:
 Turn
    1: Eymerich the chaotic elven Priest entered the dungeon
 1013: entered the Gnomish Mines
 1037: attained the rank of Acolyte (level 3)
 1132: killed by a dwarf

Spells:
 Name                 Level Category     Fail Retention
 healing                1   healing        0%  76%-100%
 light                  1   clerical       0%  91%-100%

Skills:
 Fighting Skills
   bare handed combat [Unskilled]
 Weapon Skills
   club               [Unskilled]
   mace               [Basic]
   morning star       [Unskilled]
   flail              [Unskilled]
   hammer             [Unskilled]
   quarterstaff       [Unskilled]
   polearms           [Unskilled]
   spear              [Unskilled]
   trident            [Unskilled]
   lance              [Unskilled]
   bow                [Unskilled]
   sling              [Unskilled]
   crossbow           [Unskilled]
   dart               [Unskilled]
   shuriken           [Unskilled]
   boomerang          [Unskilled]
   unicorn horn       [Unskilled]
 Spellcasting Skills
   healing spells     [Unskilled]
   divination spells  [Unskilled]
   clerical spells    [Basic]

Voluntary challenges:
 Character rerolling was not enabled.
 You were an atheist.
 You never genocided any monsters.
 You never polymorphed an object.
 You never changed form.
 You used no wishes.
Achievements:
 You entered a shop.
 You entered the Gnomish Mines.
 You attained the rank of Acolyte.

 The Dungeons of Doom: levels 1 to 2
    Level 1:
    Level 2:
       A general store.
       Stairs down to The Gnomish Mines.
 The Gnomish Mines:
    Level 3: <- You were here.
       Final resting place for
          you, killed by a dwarf.


Vanquished creatures:
  a dwarf
 an acid blob
  a coyote
  a yellow mold
  4 gnomes
  a gnome zombie
  a jackal
  a kobold
  2 goblins
  a grid bug
  4 lichens
  6 newts
24 creatures vanquished.

No species were genocided or became extinct.

Game over:
                       ----------
                      /          \
                     /    REST    \
                    /      IN      \
                   /     PEACE      \
                  /                  \
                  |     Eymerich     |
                  |      92 Au       |
                  |   killed by a    |
                  |      dwarf       |
                  |                  |
                  |                  |
                  |       2026       |
                 *|     *  *  *      | *
        _________)/\\_//(\/(/\)/\//\/|_)_______

Goodbye Eymerich the Priest...

You died in The Gnomish Mines on dungeon level 3 with 447 points,
and 92 pieces of gold, after 1132 moves.
You were level 3 with a maximum of 21 hit points when you died.

